 Dungeon Crawl Stone Soup version 0.18.1-48-g4cf74bf (webtiles) character file.

80 Gargoyl the Skirmisher (level 4, -1/37 HPs)
             Began as a Demonspawn Abyssal Knight on June 28, 2016.
             Was a Believer of Lugonu.
             Succumbed to loom's ghost's poison
             ... on level 3 of the Dungeon.
             The game lasted 00:04:22 (1939 turns).

Gargoyl the Skirmisher (Demonspawn Abyssal Knight)  Turns: 1939, Time: 00:04:23

Health: -1/37      AC:  9    Str: 13    XL:     4   Next: 18%
Magic:  5/5        EV: 11    Int: 14    God:    Lugonu [**....]
Gold:   145        SH:  0    Dex: 17    Spells: 0 memorised, 3 levels left

rFire  . . .     SeeInvis .     a - +1 hand axe
rCold  . . .     Gourm    .     p - +0 chain mail
rNeg   . . .     Faith    .     (no shield)
rPois  .         Spirit   .     (no helmet)
rElec  .         Dismiss  .     (no cloak)
rCorr  .         Reflect  .     (no gloves)
SustAt .         Harm     .     (no boots)
MR     .....                    (no amulet)
Stlth  ..........               (no ring)
                                (no ring)

@: agile, lethally poisoned (-1 -> -9), exhausted, flying, very slightly
contaminated, slowed, invisible, very slow, not resistant to hostile
enchantments, extremely unstealthy
A: hooves 1, spiny 1
a: Depart the Abyss, Bend Space, Renounce Religion


You were on level 3 of the Dungeon.
You worshipped Lugonu.
Lugonu was pleased with you.
You were very hungry.

You visited 1 branch of the dungeon, and saw 3 of its levels.
You visited the Abyss 1 time.

You collected 145 gold pieces.

Inventory:

Hand Weapons
 a - a +1 hand axe (weapon)
Armour
 p - a +0 chain mail (worn)
Wands
 o - a wand of flame (43/48)
Scrolls
 d - a scroll of enchant armour {unknown}
 g - 6 scrolls of identify {unknown}
 h - a scroll of fear {unknown}
 i - a scroll of immolation {unknown}
 l - a scroll of remove curse {unknown}
 m - a scroll of recharging {unknown}
 n - 2 scrolls of amnesia {unknown}
Potions
 b - a potion of agility
 j - a potion of flight
Comestibles
 c - 2 bread rations


   Skills:
 + Level 3.8 Fighting
 + Level 2.0 Axes
 * Level 3.0 Armour
 + Level 1.1 Dodging
 + Level 2.6 Invocations


You had 3 spell levels left.
You didn't know any spells.

Dungeon Overview and Level Annotations

Branches:
Dungeon (3/15)

Altars:

Annotations:
D:3 loom's ghost, amateur DECj


Innate Abilities, Weirdness & Mutations

You have large cloven feet.
You are partially covered in sharp spines.


Message History

You feel a strong urge to attack something.
* * * LOW HITPOINT WARNING * * *
You feel sick.
Loom's ghost casts a spell at something.
Found a short sword.
You feel your anger subside.
Loom's ghost gestures at something while chanting.
You see here 8 gold pieces.
You miss loom's ghost. Your kick misses loom's ghost.
Loom's ghost is moderately damaged.
You feel less confused.
You are no longer berserk.
You are exhausted.
You feel yourself slow down.
You are feeling very hungry.
Loom's ghost is struck by your spines.
Loom's ghost hits you but does no damage.
You are more poisoned.
You miss loom's ghost. Your kick misses loom's ghost.
Loom's ghost is heavily damaged.
You die...

##.............#####
#...(...........#
#...............#
#...............# #
#......(........# ..
#...............#
###.#...............#
#...........$.......#
.)####.@....#.....#.#
##.W....>..#####
#...####.## #..###
#.# #.## #.# ... ...
.#.. ... . #.. .....
(...!


You could see loom's ghost.

Vanquished Creatures
  2 adders (D:2)
  A worm (D:2)
  3 dart slugs
  A giant gecko (D:1)
  A ball python (D:2)
  3 giant cockroaches
  5 goblins
  11 hobgoblins
  3 jackals (D:2)
  4 bats
  4 giant newts
  5 kobolds
  6 rats
49 creatures vanquished.

Notes
Turn   | Place    | Note
--------------------------------------------------------------
     0 | Abyss:1  | Gargoyl the Demonspawn Abyssal Knight began the quest for the Orb.
     0 | Abyss:1  | Reached XP level 1. HP: 18/18 MP: 2/2
    61 | Abyss:1  | Noticed a wretched star
    69 | Abyss:2  | Found a shattered altar of Ashenzari.
    94 | Abyss:2  | Noticed a wretched star
    95 | D:1      | Escaped the Abyss
   185 | D:1      | Reached skill level 1 in Dodging
   363 | D:1      | Reached * piety under Lugonu
   634 | D:1      | Gained mutation: You are partially covered in sharp spines. [demonic ancestry]
   634 | D:1      | Reached XP level 2. HP: 24/24 MP: 3/3
  1246 | D:2      | Reached XP level 3. HP: 29/29 MP: 4/4
  1673 | D:2      | Reached ** piety under Lugonu
  1673 | D:2      | Gained mutation: You have large cloven feet. [demonic ancestry]
  1673 | D:2      | Reached XP level 4. HP: 37/37 MP: 5/5
  1923 | D:3      | Noticed loom's ghost (amateur DECj)
  1933 | D:3      | HP: 1/37 [loom's ghost/magic dart (2)]
  1939 | D:3      | Succumbed to loom's ghost's poison

Skill      XL: |  1  2  3  4 |
---------------+-------------+-----
Dodging        | 1 |  1.1
Armour         | 2 3 |  3.0
Axes           | 2 |  2.0
Fighting       | |  3.8
Invocations    | |  2.6

Action                   |  1- 3 |  4- 6 || total
-------------------------+-------+-------++-------
Melee: Hand axe          |    73 |    17 ||    90
       Kick              |       |     4 ||     4
Invok: Depart the Abyss  |     1 |       ||     1
  Use: Potion            |       |     4 ||     4
  Eat: Chunk             |     2 |     1 ||     3
Armor: Ring mail         |    25 |       ||    25
       Chain mail        |     5 |     9 ||    14
Dodge: Dodged            |    33 |     3 ||    36
